 Dungeon Crawl Stone Soup version 0.31.0-1-g2c135a0 (webtiles) character file.

Game seed: 13201973297702515339

331947 strontium90w the Executioner (level 21, 0/196 HPs)
             Began as a Hill Orc Fighter on Mar 24, 2024.
             Was the Champion of Nemelex Xobeh.
             Killed from afar by an acid blob (8 damage)
             ... with a splash of acid
             ... on level 5 of the Pits of Slime on Mar 25, 2024.
             The game lasted 02:23:07 (35815 turns).

strontium90w the Executioner (Hill Orc Fighter)    Turns: 35815, Time: 02:23:08

Health: 0/196      AC: 25    Str: 30    XL:     21   Next: 78%
Magic:  19/35      EV:  7    Int:  8    God:    Nemelex Xobeh [******]
Gold:   1348       SH: 24    Dex: 19    Spells: 20/20 levels left

rFire   . . .        N - +8 mithril axe "Arga" {speed, Will+}
rCold   . . .        P - +2 tower shield
rNeg    . . .        X - +1 plate armour
rPois   .            q - +2 helmet
rElec   .            e - +1 cloak {rCorr}
rCorr   +            W - +2 pair of gloves {Dex+3}
SInv    .            G - +2 pair of boots {Stlth+}
Will    ++...        i - amulet of regeneration Stlth
                     L - ring of Meimo {AC+4 Dex+6}
HPRegen 1.32/turn    K - +4 ring of slaying
MPRegen 0.24/turn

%: no passive effects
@: corroded, slowed, very slow
A: mutation resistance 1, screaming 1, shaggy fur 2
}: 2/15 runes: barnacled, gossamer
a: Renounce Religion, Draw Escape, Draw Destruction, Draw Summoning, Triple
Draw, Deal Four, Stack Five


You were on level 5 of the Pits of Slime.
You worshipped Nemelex Xobeh.
Nemelex Xobeh was exalted by your worship.
You visited 8 branches of the dungeon, and saw 37 of its levels.
You also visited: Gauntlet and Ice Cave.

You collected 3303 gold pieces.
You spent 1955 gold pieces at shops.

Inventory:

Hand Weapons
 a - a +8 vampiric war axe
 t - the +6 trident "Rasaob" {venom, Will+}
   (You took it off a minotaur in a Gauntlet)

   Will+:     It increases your willpower.
 F - the +8 whip "Snakebite" {venom, curare, rPois}
   (You found it on level 4 of the Shoals)

   rPois:     It protects you from poison
 J - the +5 Lochaber axe {reach-cleave, Poleaxe ^Drain}
   (You found it on level 2 of the Spider Nest)

   Poleaxe:   It uses either Axes or Polearms skill, whichever is higher.
   ^Drain:    It drains your maximum health when unequipped.
 N - the +8 mithril axe "Arga" (weapon) {speed, Will+}
   (You bought it in a shop on level 2 of the Orcish Mines)

   Will+:     It increases your willpower.
Missiles
 g - 16 boomerangs
 j - 2 datura-tipped darts
 m - 62 poisoned darts (quivered)
 u - 5 javelins
 I - 7 atropa-tipped darts
 M - 33 silver javelins
 V - 10 curare-tipped darts
Armour
 e - a +1 cloak of preservation (worn)
 q - a +2 helmet (worn)
 x - +0 pearl dragon scales
 E - the scarf of the Other World {rC+ rF+, SInv}
   (You acquired it on level 5 of the Lair of Beasts)

   SInv:      It lets you see invisible.
 G - a +2 pair of boots of stealth (worn)
 P - a +2 tower shield (worn)
 W - a +2 pair of gloves of dexterity (worn)
 X - a +1 plate armour (worn)
Jewellery
 c - a ring of flight
 f - a ring of protection from cold
 i - an amulet of regeneration (around neck)
 o - a ring of see invisible
 D - a +6 ring of strength
 K - a +4 ring of slaying (right hand)
 L - the ring of Meimo (left hand) {AC+4 Dex+6}
   (You found it on level 1 of the Spider Nest)

   [ring of protection]

   AC+4:      It affects your AC (+4).
   Dex+6:     It affects your dexterity (+6).
 R - an amulet of guardian spirit
Wands
 d - a wand of paralysis (13)
 k - a wand of iceblast (35)
 l - a wand of flame (35)
 y - a wand of polymorph (4)
 T - a wand of digging (9)
Scrolls
 p - a scroll of silence
 z - 8 scrolls of teleportation
Potions
 r - 4 potions of berserk rage
 v - a potion of curing
 w - 5 potions of ambrosia
 A - 3 potions of cancellation
 C - 2 potions of might
 O - 4 potions of haste
 Z - 2 potions of resistance
Miscellaneous
 b - a box of beasts
 h - a phial of floods
 s - a lightning rod (4/4)
 Q - a phantom mirror
 S - a condenser vane (inert)


   Skills:
 + Level 18.9 Fighting
 + Level 22.6 Axes
 + Level 0.9(12.7) Maces & Flails
 + Level 1.0(12.7) Polearms
 + Level 4.4 Throwing
 + Level 14.6 Armour
 - Level 0.1 Dodging
 + Level 18.1 Shields
 * Level 20.2 Invocations
 * Level 14.2 Evocations


You had 20 spell levels left.
You didn't know any spells.
Your spell library contained the following spells:

 Spells                   Type           Power      Damage    Failure   Level
 Necrotise                Necr           0%         1d4       99%         1
 Cigotuvi's Dreadful Rot  Necr/Alch/Air  0%         N/A       99%         2
 Lesser Beckoning         Tloc           0%         N/A       99%         2
 Static Discharge         Conj/Air       0%         3-3/arc   99%         2
 Dazzling Flash           Conj/Hex       0%         N/A       100%        3
 Frozen Ramparts          Ice            0%         1d1       100%        3
 Gell's Gravitas          Tloc           0%         N/A       100%        3
 Inner Flame              Hex/Fire       0%         N/A       100%        3
 Mephitic Cloud           Conj/Alch/Air  0%         N/A       100%        3
 Teleport Other           Tloc           0%         N/A       100%        3
 Tukima's Dance           Hex            0%         N/A       100%        3
 Vampiric Draining        Necr           0%         2d6       100%        3
 Airstrike                Air            0%         2d(0-16)  100%        4
 Anguish                  Hex/Necr       0%         N/A       100%        4
 Animate Dead             Necr           0%         N/A       100%        4
 Cause Fear               Hex            0%         N/A       100%        4
 Ignite Poison            Fire/Alch      0%         N/A       100%        4
 Leda's Liquefaction      Alch/Erth      0%         N/A       100%        4
 Martyr's Knell           Necr/Summ      0%         N/A       100%        4
 Passage of Golubria      Tloc           0%         N/A       100%        4
 Petrify                  Alch/Erth      0%         N/A       100%        4
 Summon Lightning Spire   Summ/Air       0%         N/A       100%        4
 Vhi's Electric Charge    Tloc/Air       0%         N/A       100%        4
 Arcjolt                  Conj/Air       0%         1d10      100%        5
 Borgnjor's Vile Clutch   Necr/Erth      0%         N/A       100%        5
 Curse of Agony           Necr           0%         N/A       100%        5
 Freezing Cloud           Conj/Ice/Air   0%         6-21      100%        5
 Irradiate                Conj/Alch      0%         3d11      100%        5
 Metabolic Englaciation   Hex/Ice        0%         N/A       100%        5
 Silence                  Hex/Air        0%         N/A       100%        5
 Yara's Violent Unravell  Hex/Alch       0%         3d3       100%        5
 Death Channel            Necr           0%         N/A       100%        6
 Plasma Beam              Fire/Air       0%         2x1d10    100%        6
 Enfeeble                 Hex            0%         N/A       100%        7
 Malign Gateway           Summ/Tloc      0%         N/A       100%        7
 Ignition                 Fire           0%         3d3       100%        8
 Summon Horrible Things   Summ           0%         N/A       100%        8


Dungeon Overview and Level Annotations

Branches:
Dungeon (13/15)            Temple (1/1) D:4            Lair (5/5) D:11
 Shoals (4/4) Lair:3       Spider (4/4) Lair:3        Slime (5/5) Lair:4
    Orc (2/2) D:12            Elf (3/3) Orc:2        Vaults (0/5) D:13
  IceCv (visited)         Gauntlet (visited)

Altars:
Ashenzari
Cheibriados
Dithmenos
Elyvilon
Fedhas
Gozag
Hepliaklqana
Kikubaaqudgha
Makhleb
Nemelex Xobeh
Okawaru
Qazlal
Ru
Sif Muna
Trog
Uskayaw
Vehumet
Wu Jian
Xom
Yredelemnul
Zin
The Shining One

Shops:
D:1 (   D:2 *   D:4 !   D:6 (   Orc:1 [   Orc:2 !*:?(   Elf:3 [   Shoals:2 *

Portals:
Abyss: Elf:3

Annotations:
Elf:3 2 transporters, Lock's ghost, adept MiBe


Innate Abilities, Weirdness & Mutations

You are somewhat resistant to further mutation.
You occasionally shout uncontrollably at your foes.
You are covered in thick fur. (AC +2)


Message History

Your killer bee stings the quicksilver ooze!
The quicksilver ooze is engulfed in blazing flames.
You block the quicksilver ooze's attack. x2
You feel better.
Your killer bee completely misses the quicksilver ooze.
The quicksilver ooze is engulfed in blazing flames.
The quicksilver ooze hits you. The quicksilver ooze engulfs you!
You block the quicksilver ooze's attack.
The acid blob spits acid at you. You block the splash of acid.
The acid blob hits you but does no damage.
Your killer bee barely misses the quicksilver ooze.
The quicksilver ooze is engulfed in blazing flames.
The quicksilver ooze closely misses you.
You block the quicksilver ooze's attack.
The acid blob barely misses you.
Your killer bee misses the quicksilver ooze.
The acid blob hits you but does no damage.
A golden eye comes into view.
You cannot read scrolls while unable to breathe!
You hit the quicksilver ooze.
The quicksilver ooze is almost dead.
You hit the acid blob but do no damage. The acid corrodes you!
Your hands burn!
* * * LOW HITPOINT WARNING * * *
You slice the acid blob!!
Your hands burn!
* * * LOW HITPOINT WARNING * * *
x2 Your lungs strain for air!
The quicksilver ooze is engulfed in blazing flames.
You block the quicksilver ooze's attack.
The quicksilver ooze hits you but does no damage.
Your killer bee stings the quicksilver ooze!
The quicksilver ooze dies!
The ooze engulfing you falls away.
You gasp with relief as air once again reaches your lungs.
The golden eye blinks at you. You resist with almost no effort.
You block the acid blob's attack. The acid blob spits acid at you.
The splash of acid hits you! You resist.
You die...
Your body glows with a rainbow of weird colours and disappears.

...............
...............
................
................
................
................
.....y###§......
......#@J.§..G..
.....yy§J.......
......§§......#
......§§....###
...........##
........
...........#
........
..........##
........
........###
........
........#


You could see 2 acid blobs, a golden eye and 2 friendly killer bees.

Vanquished Creatures
  Arachne (Spider:4)
  Zenata (Elf:1)
  Jorgrun (Shoals:3)
  7 acid blobs
  A deep elf master archer (Elf:3)
  Donald (Shoals:3)
  A rockslime (Slime:1)
  3 azure jellies
  2 emperor scorpions
  A deep elf sorcerer (Elf:3)
  7 ghost moths
  3 deep elf elementalists
  Louise (Spider:4)
  3 quicksilver oozes
  3 formless jellyfish (Slime:2)
  An ironbound thunderhulk (D:13)
  2 broodmothers
  2 deep elf death magi
  4 dire elephants (Lair:5)
  3 deep elf annihilators
  Azrael (D:13)
  A minotaur (Gauntlet)
  2 spark wasps (Spider:4)
  4 merfolk javelineers
  5 merfolk impalers (Shoals:4)
  A great orb of eyes (Slime:3)
  2 hydras (Lair:4)
  2 entropy weavers
  A vault guard (D:13)
  A radroach (Spider:3)
  A death knight (D:12)
  2 ironbound frosthearts (IceCv)
  2 merfolk avatars (Shoals:4)
  7 two-headed ogres
  2 jorogumos (Spider:3)
  A centaur warrior (D:9)
  5 boulder beetles
  14 death yaks
  5 demonic crawlers
  18 dancing weapons
  2 orc high priests
  A spectral dire elephant (Lair:5)
  Sonja (D:11)
  29 deep elf knights
  A spriggan (Lair:5)
  4 skeletal warriors (D:13)
  8 skysharks
  4 sun moths
  3 cherubim (Shoals:4)
  6 pharaoh ants
  A spectral anaconda (Lair:5)
  3 sixfirhies (Gauntlet)
  A glowing orange brain (Slime:4)
  13 sea snakes
  2 swamp dragons
  20 deep elf archers
  An obsidian statue (Lair:5)
  6 orb spiders
  A lindwurm (Lair:5)
  5 steelbarb worms
  24 harpies
  2 orc knights
  4 necromancers (Lair:5)
  46 deep elf pyromancers
  32 deep elf zephyrmancers
  3 ugly things
  23 wolf spiders
  5 shining eyes
  6 moths of wrath
  6 cyclopes
  4 oklob plants (Lair:4)
  9 manticores
  5 fauns
  19 elephants
  3 kobold blastminers (Orc:2)
  4 meliai
  4 black mambas
  6 merfolk sirens
  2 torpor snails
  4 water nymphs (Shoals:3)
  5 orange demons (D:11)
  3 gargoyles
  An eye of devastation (Slime:2)
  A dire elephant skeleton (Lair:5)
  An ice statue (IceCv)
  14 cane toads
  2 minotaur zombies (Gauntlet)
  4 rime drakes
  12 komodo dragons
  5 unseen horrors
  A kobold demonologist (D:11)
  2 ice devils (Lair:4)
  2 freezing wraiths
  2 red devils (D:11)
  13 polar bears
  A queen bee (Shoals:1)
  2 queen bees (shapeshifter) (D:13)
  6 hornets
  18 merfolk
  12 trolls
  28 tarantellas
  13 blink frogs
  7 wind drakes
  A glass eye (Slime:2)
  Prince Ribbit (D:6)
  3 snapping turtles
  4 air elementals
  4 dream sheep
  60 slime creatures
  24 jumping spiders
  2 wraiths (D:12)
  21 culicivoras
  A shadow (D:10)
  4 water elementals
  40 yaks
  6 wyverns
  A hog (Lair:3)
  5 fire elementals
  A human (shapeshifter) (Elf:1)
  3 humans
  2 golden eyes (Slime:1)
  2 steam dragons (Lair:2)
  3 basilisks
  4 wargs
  44 redbacks
  8 vampire mosquitoes
  A naga (Lair:3)
  2 acid dragons (D:12)
  5 hell hounds
  15 water moccasins
  2 swamp drakes
  3 ice beasts
  2 black bears
  34 orc warriors
  2 sky beasts (Shoals:1)
  A crocodile (Lair:3)
  38 wolves
  12 centaurs
  2 ogres
  2 tengu
  2 elephant skeletons (Lair:5)
  4 lemures (D:5)
  Blork the orc (D:4)
  A weeping skull (D:5)
  12 bullfrogs
  4 kobold brigands
  3 gnoll sergeants
  2 scorpions (D:11)
  3 earth elementals
  2 cane toad simulacra (Lair:5)
  A troll skeleton (D:13)
  10 killer bees
  An elephant simulacrum (Lair:5)
  5 spriggan skeletons (D:13)
  10 howler monkeys
  2 electric eels
  A bombardier beetle (D:5)
  7 hounds
  2 jellies (D:7)
  8 orc priests
  2 gnoll boudas
  Jessica (D:2)
  15 iguanas
  2 orc wizards
  4 hell rats (Lair:2)
  20 gnolls
  10 adders
  2 river rats (Lair:3)
  3 shadow imps
  2 white imps
  3 ufetubi
  2 ribbon worms (D:2)
  4 dart slugs
  45 orcs
  5 bats
  5 endoplasms
  6 giant cockroaches
  6 goblins
  6 hobgoblins
  7 jackals
  8 quokkas
  6 ball pythons
  17 frilled lizards
  19 kobolds
  7 rats
  A spectral orc (D:5)
  A butterfly (Lair:1)
1258 creatures vanquished.

Vanquished Creatures (collateral kills)
  Nikola (Shoals:3)
  3 acid blobs
  2 quicksilver oozes
  2 formless jellyfish (Slime:4)
  The ghost of bob002 the Covert, a journeyman DsCK of Xom (Lair:5)
  A deep elf demonologist (Elf:1)
  A merfolk javelineer (Shoals:4)
  A merfolk impaler (Shoals:4)
  A great orb of eyes (Gauntlet)
  A jorogumo (Spider:4)
  3 merfolk aquamancers (Shoals:4)
  7 dancing weapons
  A two-headed ogre (D:10)
  2 spriggans (Lair:5)
  A glowing orange brain (Slime:4)
  A cherub (Shoals:4)
  An orb spider (Spider:4)
  A deep elf archer (Elf:3)
  Pikel (D:5)
  3 harpies (Shoals:3)
  2 deep elf pyromancers
  2 shining eyes
  2 deep elf zephyrmancers (Elf:3)
  2 ugly things (Gauntlet)
  An eye of devastation (Slime:2)
  A water nymph (Shoals:4)
  An orange demon (D:11)
  A merfolk (Shoals:4)
  A wind drake (Shoals:4)
  A polar bear (Lair:5)
  2 hornets
  A tarantella (Spider:4)
  2 snapping turtles
  16 slime creatures
  A vampire (D:12)
  Sigmund (D:5)
  5 redbacks (Spider:4)
  2 acid dragons
  A boggart (Lair:5)
80 creatures vanquished.

Vanquished Creatures (others)
  A deep elf knight (Elf:2)
  A deep elf archer (Elf:2)
  2 harpies (Shoals:3)
  A deep elf zephyrmancer (Elf:3)
  A deep elf pyromancer (Elf:2)
  2 yaks (IceCv)
8 creatures vanquished.

Grand Total: 1346 creatures vanquished

Notes
Turn   | Place    | Note
-------+----------+-------------------------------------------
     0 | D:1      | strontium90w the Hill Orc Fighter began the quest for the
                  | Orb.
     0 | D:1      | Reached XP level 1. HP: 19/19 MP: 1/1
    23 | D:1      | Reached XP level 2. HP: 10/27 MP: 2/2
   240 | D:1      | Reached skill level 3 in Axes
   279 | D:1      | Reached XP level 3. HP: 33/33 MP: 3/3
   469 | D:1      | Found Xyif's Weapon Emporium.
   503 | D:1      | Bought 2 datura-tipped darts for 23 gold pieces
  1175 | D:2      | Noticed Jessica
  1185 | D:2      | Killed Jessica
  1186 | D:2      | Reached skill level 4 in Axes
  1186 | D:2      | Reached skill level 1 in Throwing
  1186 | D:2      | Reached XP level 4. HP: 25/41 MP: 4/4
  1387 | D:2      | Found Affets's General Store.
  1671 | D:2      | Reached XP level 5. HP: 47/47 MP: 5/5
  2475 | D:4      | Reached skill level 5 in Axes
  2556 | D:4      | Found a staircase to the Ecumenical Temple.
  2739 | D:4      | Reached XP level 6. HP: 39/55 MP: 6/6
  2746 | Temple   | Entered the Ecumenical Temple
  2916 | Temple   | Became a worshipper of Nemelex Xobeh the Trickster
  2934 | D:4      | Reached skill level 5 in Fighting
  2934 | D:4      | Reached skill level 1 in Invocations
  3098 | D:4      | Reached skill level 6 in Axes
  3192 | D:4      | Found Reamunai's Distillery.
  3195 | D:4      | Bought a potion of curing for 33 gold pieces
  3239 | D:4      | Noticed a wyvern
  3244 | D:4      | Killed a wyvern
  3245 | D:4      | Reached XP level 7. HP: 39/61 MP: 6/8
  3638 | D:4      | Noticed Blork the orc
  3653 | D:4      | Killed Blork the orc
  3779 | D:5      | Entered Level 5 of the Dungeon
  3811 | D:5      | Noticed Sigmund
  3854 | D:5      | Reached * piety under Nemelex Xobeh
  3860 | D:5      | Reached skill level 7 in Axes
  3901 | D:5      | Received a gift from Nemelex Xobeh
  3923 | D:5      | Reached skill level 5 in Armour
  3975 | D:5      | Found a shimmering blue altar of Sif Muna.
  3986 | D:5      | Noticed Pikel
  3989 | D:5      | Paralysed by Pikel for 5 turns
  4001 | D:5      | Killed Pikel
  4002 | D:5      | Reached skill level 8 in Axes
  4002 | D:5      | Reached XP level 8. HP: 32/70 MP: 9/11
  4017 | D:5      | Killed Sigmund
  4018 | D:5      | Reached skill level 9 in Axes
  4130 | D:5      | Reached skill level 5 in Invocations
  4157 | D:5      | Found a basalt altar of Yredelemnul.
  4452 | D:6      | Noticed a yak
  4453 | D:6      | Noticed a yak
  4453 | D:6      | Noticed a yak
  4455 | D:6      | Noticed a yak
  4455 | D:6      | Noticed a yak
  4480 | D:5      | Reached XP level 9. HP: 70/75 MP: 11/13
  4499 | D:6      | Found a sacrificial altar of Ru.
  4500 | D:6      | Found a glowing golden altar of the Shining One.
  4501 | D:6      | Found a snail-covered altar of Cheibriados.
  4501 | D:6      | Found a hide-covered altar of Uskayaw.
  4501 | D:6      | Found a blossoming altar of Fedhas.
  4686 | D:6      | Noticed Prince Ribbit
  4707 | D:6      | Killed Prince Ribbit
  4708 | D:6      | Reached skill level 10 in Axes
  4798 | D:6      | Reached ** piety under Nemelex Xobeh
  4935 | D:6      | Reached skill level 11 in Axes
  4935 | D:6      | Reached skill level 5 in Shields
  5183 | D:6      | Found Qufil's Weapon Shoppe.
  5189 | D:6      | Bought 2 atropa-tipped darts for 19 gold pieces
  5284 | D:2      | Bought 2 scrolls of enchant armour for 195 gold pieces
  5422 | D:7      | Received a gift from Nemelex Xobeh
  5491 | D:7      | Noticed a troll
  5512 | D:7      | Killed a troll
  5513 | D:7      | Reached XP level 10. HP: 42/88 MP: 15/15
  5865 | D:7      | Reached skill level 12 in Axes
  6078 | D:8      | Reached *** piety under Nemelex Xobeh
  6123 | D:8      | Noticed a two-headed ogre
  6240 | D:8      | Killed a two-headed ogre
  6621 | D:9      | Noticed a two-headed ogre
  6639 | D:9      | Killed a two-headed ogre
  6640 | D:9      | Reached skill level 13 in Axes
  6721 | D:9      | Reached XP level 11. HP: 87/95 MP: 17/17
  7054 | D:9      | Noticed a centaur warrior
  7055 | D:9      | Killed a centaur warrior
  7056 | D:9      | Reached skill level 14 in Axes
  7166 | D:9      | Found a white marble altar of Elyvilon.
  7172 | D:9      | Received a gift from Nemelex Xobeh
  7555 | D:10     | Entered Level 10 of the Dungeon
  7555 | D:10     | Reached **** piety under Nemelex Xobeh
  7734 | D:10     | Found a hazy altar of Hepliaklqana.
  7796 | D:10     | Noticed a two-headed ogre
  7804 | D:10     | Killed a two-headed ogre
  7885 | D:10     | Found a runed translucent door.
  7887 | D:10     | Noticed a deep elf pyromancer
  7910 | D:10     | Noticed a two-headed ogre
  7962 | D:10     | Found a stormy altar of Qazlal.
  8026 | D:10     | Killed a deep elf pyromancer
  8027 | D:10     | Reached skill level 10 in Invocations
  8032 | D:10     | Killed a two-headed ogre
  8208 | D:11     | Reached XP level 12. HP: 103/106 MP: 19/19
  8214 | D:11     | Received a gift from Nemelex Xobeh
  8224 | D:11     | Noticed a two-headed ogre
  8235 | D:11     | Killed a two-headed ogre
  8236 | D:11     | Reached skill level 10 in Fighting
  8236 | D:11     | Reached skill level 15 in Axes
  8320 | D:11     | Reached skill level 1 in Evocations
  8368 | D:11     | Found a staircase to the Lair.
  8609 | D:11     | Identified the +1 leather armour of the Devil {+Blink rPois
                  | Stlth-}
  8695 | D:11     | Received a gift from Nemelex Xobeh
  8730 | D:11     | Noticed Sonja
  8741 | D:11     | Noticed a soul eater
  8757 | D:11     | Killed Sonja
  9444 | D:12     | Received a gift from Nemelex Xobeh
  9626 | D:12     | Noticed a two-headed ogre
  9647 | D:12     | Killed a two-headed ogre
  9837 | D:12     | Reached skill level 10 in Armour
  9837 | D:12     | Reached XP level 13. HP: 99/114 MP: 21/21
  9896 | D:12     | Found a staircase to the Orcish Mines.
 10025 | D:12     | Reached ***** piety under Nemelex Xobeh
 10267 | D:12     | Received a gift from Nemelex Xobeh
 10468 | D:13     | Reached skill level 16 in Axes
 10482 | D:13     | Noticed Azrael
 10500 | D:13     | Killed Azrael
 10827 | Lair:1   | Entered Level 1 of the Lair of Beasts
 10906 | Lair:1   | Received a gift from Nemelex Xobeh
 10920 | Lair:1   | Reached skill level 5 in Evocations
 11295 | Lair:1   | Reached skill level 10 in Shields
 11399 | Lair:1   | Received a gift from Nemelex Xobeh
 11612 | Lair:1   | Received a gift from Nemelex Xobeh
 12167 | Lair:2   | Received a gift from Nemelex Xobeh
 12696 | Lair:3   | Received a gift from Nemelex Xobeh
 12766 | Lair:3   | Reached XP level 14. HP: 123/125 MP: 23/23
 12829 | Lair:3   | Reached ****** piety under Nemelex Xobeh
 12955 | Lair:3   | Received a gift from Nemelex Xobeh
 13222 | Lair:3   | Found a hole to the Spider Nest.
 13270 | Lair:3   | Found a staircase to the Shoals.
 13730 | Orc:1    | Entered Level 1 of the Orcish Mines
 13864 | Orc:1    | Found Xautasij's Armour Emporium.
 13871 | Orc:1    | Bought a +1 cloak of preservation for 247 gold pieces
 13985 | Orc:2    | Entered Level 2 of the Orcish Mines
 13993 | Orc:2    | Found Ysashius's Distillery.
 14019 | Orc:2    | Received a gift from Nemelex Xobeh
 14055 | Orc:2    | Found a staircase to the Elven Halls.
 14057 | Orc:2    | Found a gate leading to a gauntlet.
 14067 | Gauntlet | Entered a Gauntlet
 14067 | Gauntlet | Found a large runed translucent door.
 14067 | Gauntlet | Found a large runed translucent door.
 14067 | Gauntlet | Found a large runed translucent door.
 14067 | Gauntlet | Found a large runed translucent door.
 14067 | Gauntlet | Found a large runed translucent door.
 14067 | Gauntlet | Found a large runed translucent door.
 14067 | Gauntlet | Found a large runed translucent door.
 14067 | Gauntlet | Found a large runed translucent door.
 14067 | Gauntlet | Found a runed translucent door.
 14067 | Gauntlet | Found a runed translucent gate.
 14067 | Gauntlet | Found a transporter.
 14067 | Gauntlet | Found a transporter.
 14067 | Gauntlet | Found a runed translucent gate.
 14067 | Gauntlet | Found a transporter.
 14071 | Gauntlet | Found a transporter.
 14071 | Gauntlet | Found a transporter.
 14082 | Gauntlet | Found a transporter.
 14114 | Gauntlet | Found a transporter.
 14125 | Gauntlet | Found a transporter.
 14144 | Gauntlet | Found a transporter.
 14152 | Gauntlet | Found a transporter.
 14171 | Gauntlet | Found a transporter.
 14192 | Gauntlet | Found a runed translucent door.
 14193 | Gauntlet | Found a large runed translucent door.
 14193 | Gauntlet | Found a large runed translucent door.
 14193 | Gauntlet | Found a large runed translucent door.
 14193 | Gauntlet | Found a large runed translucent door.
 14194 | Gauntlet | Found a large runed translucent door.
 14194 | Gauntlet | Found a large runed translucent door.
 14195 | Gauntlet | Found a large runed translucent door.
 14195 | Gauntlet | Found a large runed translucent door.
 14205 | Gauntlet | Found a runed translucent gate.
 14217 | Gauntlet | Received a gift from Nemelex Xobeh
 14227 | Gauntlet | Found a transporter.
 14486 | Gauntlet | Reached skill level 17 in Axes
 14519 | Gauntlet | Identified the +6 trident "Rasaob" {venom, Will+}
 14780 | Orc:2    | Bought a potion of heal wounds for 60 gold pieces
 14780 | Orc:2    | Bought a potion of heal wounds for 60 gold pieces
 14860 | Orc:2    | Found Rojumawk's Book Emporium.
 14860 | Orc:2    | Found Piusiahiru's Magic Scroll Shop.
 14862 | Orc:2    | Found Extietsuy's Weapon Boutique.
 14864 | Orc:2    | Found Foupnaes's General Store.
 14902 | Orc:2    | Bought a scroll of teleportation for 39 gold pieces
 14902 | Orc:2    | Bought a scroll of identify for 26 gold pieces
 14902 | Orc:2    | Bought a scroll of teleportation for 39 gold pieces
 14918 | Orc:2    | Bought a scroll of identify for 28 gold pieces
 15442 | Orc:2    | Bought the +8 mithril axe "Arga" {speed, Will+} for 1098
                  | gold pieces
 15442 | Orc:2    | Found the +8 mithril axe "Arga" {speed, Will+}
 15731 | Lair:4   | Found a staircase to the Slime Pits.
 15858 | Lair:4   | Found a frozen archway.
 15875 | IceCv    | Entered an ice cave
 16365 | IceCv    | Reached XP level 15. HP: 134/134 MP: 25/25
 16427 | IceCv    | Reached skill level 18 in Axes
 17079 | Lair:4   | Received a gift from Nemelex Xobeh
 17641 | Lair:4   | Reached skill level 1 in Polearms
 17953 | Lair:5   | Entered Level 5 of the Lair of Beasts
 17992 | Lair:5   | Received a gift from Nemelex Xobeh
 18005 | Lair:5   | Found a shimmering altar of Xom.
 18054 | Lair:5   | Reached skill level 15 in Invocations
 18097 | Lair:5   | Found a runed translucent door.
 18099 | Lair:5   | Identified the +0 spear of Hipeudut {heavy, +Blink rN++
                  | Int-5}
 18099 | Lair:5   | Noticed bob002's ghost (journeyman DsCK)
 18497 | Lair:5   | Received a gift from Nemelex Xobeh
 18814 | Lair:5   | Identified a scroll of acquirement
 18814 | Lair:5   | Acquired the scarf of the Other World {rC+ rF+, SInv}
 19223 | Lair:5   | Killed bob002's ghost
 19224 | Lair:5   | Reached XP level 16. HP: 136/145 MP: 27/27
 19390 | Shoals:1 | Entered Level 1 of the Shoals
 19805 | D:13     | Found a gate to the Vaults.
 19891 | D:13     | Received a gift from Nemelex Xobeh
 20181 | D:13     | Reached skill level 19 in Axes
 20365 | Slime:1  | Entered Level 1 of the Pits of Slime
 20365 | Slime:1  | Noticed a rockslime
 20371 | Slime:1  | Killed a rockslime
 20373 | Slime:1  | Noticed an acid blob
 20379 | Slime:1  | Noticed an acid blob
 20383 | Slime:1  | Killed an acid blob
 20388 | Slime:1  | Killed an acid blob
 20481 | Slime:1  | Noticed an azure jelly
 20482 | Slime:1  | Noticed an acid blob
 20483 | Slime:1  | Reached skill level 10 in Evocations
 20494 | Slime:1  | Killed an acid blob
 20496 | Slime:1  | Gained mutation: You have a pair of small horns on your
                  | head. [a shining eye]
 20498 | Slime:1  | Gained mutation: You sometimes lose your temper in combat.
                  | [a shining eye]
 20507 | Slime:1  | Killed an azure jelly
 20561 | Lair:4   | Lost mutation: You sometimes lose your temper in combat.
                  | [potion of mutation]
 20561 | Lair:4   | Lost mutation: You have a pair of small horns on your head.
                  | [potion of mutation]
 20561 | Lair:4   | Gained mutation: You have hidden genetic defects. [potion
                  | of mutation]
 20622 | Spider:1 | Entered Level 1 of the Spider Nest
 21076 | Spider:1 | Received a gift from Nemelex Xobeh
 21094 | Spider:1 | Identified the ring of Meimo {AC+4 Dex+6}
 21403 | Spider:1 | Gained mutation: You are dopey. (Int -2) [hidden defects]
 21584 | Spider:1 | Reached XP level 17. HP: 24/154 MP: 29/29
 21967 | Spider:2 | Received a gift from Nemelex Xobeh
 22097 | Spider:2 | Reached skill level 15 in Fighting
 22112 | Spider:2 | Gained mutation: You occasionally lose the ability to drink
                  | potions when taking damage. [hidden defects]
 22112 | Spider:2 | Lost mutation: You have hidden genetic defects. [hidden
                  | defects expressed]
 22428 | Spider:2 | Found the +5 Lochaber axe {reach-cleave, Poleaxe ^Drain}
 22921 | Spider:3 | Received a gift from Nemelex Xobeh
 22962 | Spider:3 | Reached skill level 20 in Axes
 23374 | Spider:3 | Received a gift from Nemelex Xobeh
 24091 | Spider:4 | Entered Level 4 of the Spider Nest
 24130 | Spider:4 | Reached skill level 15 in Shields
 24131 | Spider:4 | Noticed Arachne
 24149 | Spider:4 | HP: 7/153 [Arachne/staff of alchemy (13)]
 24159 | Spider:4 | HP: 5/154 [sun moth (8)]
 24300 | Spider:4 | Identified the +2 pair of gloves "Lankub" {Dex+3}
 24317 | Spider:4 | Noticed Louise
 24343 | Spider:4 | Killed Louise
 24634 | Spider:4 | Killed Arachne
 24994 | Spider:4 | Reached XP level 18. HP: 166/166 MP: 30/30
 25558 | Spider:4 | Reached XP level 19. HP: 172/172 MP: 31/31
 25589 | Spider:4 | Got a gossamer rune of Zot
 25776 | Shoals:1 | Received a gift from Nemelex Xobeh
 26134 | Shoals:1 | Received a gift from Nemelex Xobeh
 26461 | Shoals:2 | Found Ekkideijih's Gadget Gallery.
 26657 | Shoals:2 | Received a gift from Nemelex Xobeh
 26813 | Shoals:3 | Received a gift from Nemelex Xobeh
 26833 | Shoals:3 | Noticed Jorgrun
 26846 | Shoals:3 | Killed Jorgrun
 27087 | Shoals:3 | Noticed Donald
 27100 | Shoals:3 | Killed Donald
 27360 | Shoals:4 | Entered Level 4 of the Shoals
 27387 | Shoals:4 | Identified the +0 ring mail of Failure {Harm *Slow rC+
                  | Str+3}
 27524 | Shoals:4 | Received a gift from Nemelex Xobeh
 27530 | Shoals:4 | Found the +8 whip "Snakebite" {venom, curare, rPois}
 27619 | Shoals:4 | Found a glowing silver altar of Zin.
 27674 | Shoals:4 | Identified the +2 rapier of Cobwebs {flame, Dex+2}
 27969 | Shoals:4 | Found a glowing golden altar of the Shining One.
 28039 | Shoals:4 | Got a barnacled rune of Zot
 28389 | Shoals:3 | Noticed Nikola
 28399 | Shoals:3 | Killed Nikola
 28400 | Shoals:3 | Reached XP level 20. HP: 184/184 MP: 33/33
 28410 | Shoals:3 | Received a gift from Nemelex Xobeh
 28415 | Shoals:3 | Reached skill level 21 in Axes
 28561 | Shoals:3 | Identified the +1 ring mail "Lodawkil" {Int-5 Slay+5}
 29000 | Elf:1    | Entered Level 1 of the Elven Halls
 29585 | Elf:1    | Paralysed by an air elemental for 1 turns
 29590 | Elf:1    | Paralysed by an air elemental for 1 turns
 29690 | Elf:1    | Noticed Zenata
 29701 | Elf:1    | Killed Zenata
 30115 | Elf:1    | You are sucked into a shaft and drop 1 floor!
 30357 | Elf:2    | Found a huge runed translucent gate.
 30357 | Elf:2    | Found a huge runed translucent gate.
 30358 | Elf:2    | Found a huge runed translucent gate.
 30403 | Elf:2    | Found a huge runed translucent gate.
 30404 | Elf:2    | Found a huge runed translucent gate.
 30679 | Elf:2    | Received a gift from Nemelex Xobeh
 31989 | Elf:3    | Entered Level 3 of the Elven Halls
 32002 | Elf:3    | Reached XP level 21. HP: 192/194 MP: 34/34
 32010 | Elf:3    | Paralysed by an air elemental for 1 turns
 32149 | Elf:3    | Received a gift from Nemelex Xobeh
 32150 | Elf:3    | Paralysed by an air elemental for 1 turns
 32311 | Elf:3    | Found a transporter.
 32394 | Elf:3    | Paralysed by an air elemental for 1 turns
 32398 | Elf:3    | Paralysed by an air elemental for 1 turns
 32420 | Elf:3    | Noticed Lock's ghost (adept MiBe)
 32421 | Elf:3    | Noticed a profane servitor
 32467 | Elf:3    | Found a transporter.
 32473 | Elf:3    | Reached skill level 22 in Axes
 32494 | Elf:3    | Found a one-way gate to the infinite horrors of the Abyss.
 32652 | Elf:3    | Identified the +3 executioner's axe of Woqeh {antimagic,
                  | rPois rC- Will+ Str+3}
 32683 | Elf:3    | Found Vueczira's Antique Armour Emporium.
 32729 | Elf:3    | Received a gift from Nemelex Xobeh
 33625 | Slime:1  | Gained mutation: Armour fits poorly on your strangely
                  | shaped body. [a shining eye]
 33626 | Slime:1  | Gained mutation: You are occasionally teleported next to
                  | monsters. [a shining eye]
 33885 | Elf:2    | Lost mutation: You occasionally lose the ability to drink
                  | potions when taking damage. [potion of mutation]
 33885 | Elf:2    | Lost mutation: You are dopey. (Int -2) [potion of mutation]
 33885 | Elf:2    | Gained mutation: You occasionally shout uncontrollably at
                  | your foes. [potion of mutation]
 33885 | Elf:2    | Gained mutation: You are covered in fur. (AC +1) [potion of
                  | mutation]
 34167 | D:4      | Bought a potion of mutation for 88 gold pieces
 34167 | D:4      | Lost mutation: Armour fits poorly on your strangely shaped
                  | body. [potion of mutation]
 34167 | D:4      | Lost mutation: You are occasionally teleported next to
                  | monsters. [potion of mutation]
 34167 | D:4      | Gained mutation: You are covered in thick fur. (AC +2)
                  | [potion of mutation]
 34167 | D:4      | Gained mutation: You are somewhat resistant to further
                  | mutation. [potion of mutation]
 35109 | Slime:3  | Received a gift from Nemelex Xobeh
 35301 | Slime:4  | Received a gift from Nemelex Xobeh
 35759 | Slime:5  | Entered Level 5 of the Pits of Slime
 35813 | Slime:5  | HP: 7/196 [poisoned by you (dark miasma)]
 35815 | Slime:5  | Killed from afar by an acid blob

Illustrated notes

Levels and vault maps discovered:
D:1:      dpeg_arrival_tiny_h, layout_basic, serial_shops,
          nicolae_shop_just_a_little_nook, serial_bayou_pond_c,
          minmay_octomino_e4
D:2:      layout_basic, serial_shops, shop_fountains, uniq_jessica
D:3:      layout_rooms
D:4:      layout_loops_corners, minmay_temple_entry_proselytizer, serial_shops,
          shop, grunt_ministairs_1, minmay_quadrilaterals, uniq_blork_the_orc
D:5:      layout_cave_pools, nicolae_overflow_crystal_walls,
          yredelemnul_forgotten_temple_becter, hangedman_abyss_or_decor_passed,
          cheibrodos_gnoll_hut, uniq_pikel, uniq_sigmund
D:6:      layout_basic, grunt_temple_overflow_open, serial_shops, shop,
          uniq_prince_ribbit1
D:7:      layout_cave_pools
D:8:      layout_rooms, serial_aquarium, aquarium_bridge_island_small
          [aquarium_subvault_small_water, aquarium_subvault_bridge,
          aquarium_subvault_wall, aquarium_subvault_bridge,
          aquarium_subvault_wall], aquarium_window_corridor_1,
          aquarium_window_double, aquarium_view_2d, aquarium_view_2f,
          aquarium_balcony_1b
D:9:      layout_long_grid, elyvilon_altar_1
D:10:     layout_roguey, mainiacjoe_overflow_surrounded_room,
          nicolae_qazlal_scattered_showers, minmay_st_funbox
D:11:     layout_basic, grunt_lair_entry_orc_guard_hut,
          minmay_beelzebubs_servants, uniq_sonja
D:12:     layout_grid_maze, orc_0_dummy
D:13:     layout_rooms, hellmonk_vaults_keyhole, grunt_ministairs_8,
          hangedman_tell_no_tales, uniq_azrael
Temple:   nicolae_temple_ecumenical_triangle
Lair:1:   lemuel_reptile_caves, layout_regular_city, columned_hall_lemuel,
          serial_bayou_shore_a, lemuel_fruit_fields
Lair:2:   layout_hall_layers
Lair:3:   layout_regular_city, elwin_shoals_entry_rocks,
          nicolae_spider_entry_orb_guardian, nicolae_quartered_pool_impasse,
          serial_bayou_pond_b, chequers_serial_rivers_large_b,
          beast_lair_carwin_4, grunt_megastairs_1
Lair:4:   layout_cave_pods, minmay_slime_entry_oklob_open,
          portal_ice_cave_demonic_guard
Lair:5:   due_jungle_book, layout_regular_city, basic_altar,
          ebering_ghost_funeral_grove, hangedman_lair_unloving_vines,
          fungi_pond_lemuel, chequers_serial_rivers_small_a
Shoals:1: layout_shoals
Shoals:2: layout_shoals, nicolae_shop_gadgets
Shoals:3: layout_shoals, uniq_donald, uniq_nikola, uniq_jorgrun
Shoals:4: shoals_end_hellmonk_holy_island
Spider:1: layout_cave_pods, nicolae_spider_jagged_tunnels
Spider:2: layout_spider_delve, hangedman_spider_tarantella_strand
Spider:3: layout_chambers, einodemon_crawler_minivault
Spider:4: spider_rune_water, hellmonk_motheaten_closet, uniq_arachne,
          uniq_louise
Slime:1:  layout_caves
Slime:2:  layout_caves
Slime:3:  layout_caves
Slime:4:  layout_caves
Slime:5:  slime_pit
Orc:1:    layout_diamond_mine, serial_shops, shop
Orc:2:    st_orc_rangers, layout_caves, gauntlet_entry_generic, serial_shops,
          shop
Elf:1:    eino_elf_arrival_the_gate, layout_geoelf_diagonals,
          nicolae_elf_crossing_hall, uniq_zenata
Elf:2:    elven_hall_of_blades_hangedman_alternative
          [nicolae_vaults_blade_armed_guards], layout_gridlike
Elf:3:    minmay_elf_hall_furrowed, layout_gridlike, serial_shops,
          nicolae_shop_real_fake_doors, gammafunk_ghost_abyssal_escape,
          minmay_elf_sorcery

Skill      XL: |  1  2  3  4  5  6  7  8  9 10 11 12 13 14 15 16 17 18 19 20 21 |
---------------+----------------------------------------------------------------+-----
Fighting       | 4 5 6 7 8 9 10 11 12 13 14 16 17 18 | 18.9
Axes           | 3 4 5 6 8 9 11 13 14 15 16 17 18 19 20 21 22 | 22.6
Throwing       | 1 2 3 4 |  4.4
Armour         | 4 5 6 7 9 10 11 12 13 14 | 14.6
Shields        | 4 5 6 7 9 10 12 13 14 15 16 17 18 | 18.1
Invocations    | 2 4 5 7 8 10 11 13 14 15 16 17 18 19 20 | 20.2
Evocations     | 4 6 7 9 10 11 12 13 14 | 14.2
Polearms       | 1 |  1.0
Maces & Flails | |  0.9
Dodging        | |  0.1

Action                     |  1- 3 |  4- 6 |  7- 9 | 10-12 | 13-15 | 16-18 | 19-21 || total
---------------------------+-------+-------+-------+-------+-------+-------+-------++-------
  Melee: War axe           |   109 |   117 |   199 |   478 |   672 |       |       ||  1575
         Broad axe         |       |       |       |       |   413 |   815 |  1086 ||  2314
         Trident           |       |       |       |       |    20 |       |       ||    20
         Headbutt          |       |       |       |       |       |     2 |       ||     2
         Whip              |       |       |       |       |       |       |     4 ||     4
  Throw: Boomerang         |    30 |    10 |     5 |    18 |    27 |    17 |    18 ||   125
         Dart              |       |       |       |       |       |       |    17 ||    17
 Invoke: Draw Summoning    |       |       |     1 |     3 |     3 |     4 |    12 ||    23
         Draw Destruction  |       |       |     1 |     8 |    24 |    15 |    14 ||    62
         Draw Escape       |       |       |       |     1 |     1 |     1 |     2 ||     5
         Triple Draw       |       |       |       |       |     1 |     1 |     1 ||     3
         Deal Four         |       |       |       |       |       |     1 |     1 ||     2
  Evoke: Wand              |       |       |       |     4 |     2 |     2 |     4 ||    12
         Lightning rod     |       |       |       |       |       |     6 |    12 ||    18
         Box of beasts     |       |       |       |       |       |     1 |     3 ||     4
         Phantom mirror    |       |       |       |       |       |     1 |     2 ||     3
         Condenser vane    |       |       |       |       |       |     1 |     2 ||     3
         Phial of floods   |       |       |       |       |       |       |     1 ||     1
    Use: Scroll            |       |     5 |     6 |     7 |    21 |     3 |    10 ||    52
         Potion            |       |     3 |     1 |     3 |     2 |    11 |    12 ||    32
   Stab: Distracted        |       |       |       |       |     2 |       |     2 ||     4
         Invisible         |       |       |       |       |       |       |     1 ||     1
 Armour: Scale mail        |    91 |    40 |       |       |       |       |       ||   131
         Chain mail        |       |    85 |   215 |   346 |       |       |       ||   646
         Plate armour      |       |       |       |   107 |   692 |   542 |   686 ||  2027
         Ice dragon scales |       |       |       |       |    48 |       |       ||    48
  Dodge: Dodged            |    64 |    73 |   113 |   126 |   179 |   113 |   121 ||   789
  Block: Buckler           |    39 |    31 |    63 |    78 |       |       |       ||   211
         Tower shield      |       |       |       |   273 |  1190 |   793 |   923 ||  3179
